 Dungeon Crawl Stone Soup version 0.26-a0-651-gb41185065b (webtiles) character file.

Game seed: 11070149958245487272

847 tof the Ruffian (level 7, -3/68 (70) HPs)
             Began as a Troll Monk on Oct 7, 2020.
             Slain by Grinder (7 damage)
             ... on level 5 of the Dungeon.
             The game lasted 00:07:28 (3568 turns).

tof the Ruffian (Troll Monk)                        Turns: 3568, Time: 00:07:29

HP:   -3/68 (70)    AC:  6    Str: 21    XL:     7   Next: 68%
MP:   6/6           EV: 12    Int:  6    God:
Gold: 338           SH:  0    Dex: 13    Spells: 6/6 levels left

rFire    . . .     SeeInvis .   y - +3 short sword
rCold    . . .     Faith    .   (no shield)
rNeg     . . .     Spirit   .   a - +0 robe
rPois    .         Reflect  .   (helmet restricted)
rElec    .         Harm     .   (no cloak)
rCorr    .         Rampage  .   (gloves unavailable)
MR       .....                  (boots unavailable)
Stlth    ++++......             (no amulet)
HPRegen  0.61/turn              d - ring of stealth
MPRegen  0.10/turn              j - ring of stealth

@: no status effects
A: large, unfitting armour, claws 3, regeneration 1, shaggy fur 1, tough skin 3
a: no special abilities


You were on level 5 of the Dungeon.
You visited 1 branch of the dungeon, and saw 5 of its levels.
You also visited: Ossuary.

You collected 338 gold pieces.

Inventory:

Hand Weapons
 y - a +3 short sword (weapon)
Armour
 a - a +0 robe (worn)
Jewellery
 d - a ring of stealth (left claw)
 j - a ring of stealth (right claw)
 m - an uncursed ring of fire
Scrolls
 b - 3 scrolls of amnesia
 e - 7 scrolls of identify
 h - a scroll of fear
 i - a scroll of enchant armour {unknown}
 k - 2 scrolls of magic mapping
 l - 2 scrolls of blinking {unknown}
 o - 2 scrolls of fog {unknown}
 q - 2 scrolls of teleportation {unknown}
 u - a scroll of brand weapon {unknown}
 x - a scroll of remove curse {unknown}
Potions
 c - 3 potions of haste {unknown}
 f - 4 potions of curing {unknown}
 g - 2 potions of flight {unknown}
 n - a potion of resistance {unknown}
 p - 2 potions of ambrosia {unknown}
 r - a potion of degeneration {unknown}
 s - 2 potions of lignification {unknown}
 t - a potion of might {unknown}
 v - 5 potions of stabbing {unknown}
 w - a potion of invisibility {unknown}


   Skills:
 + Level 4.2 Fighting
 + Level 3.3 Armour
 + Level 4.4 Dodging
 - Level 1.0 Stealth
 + Level 5.2 Unarmed Combat


You had 6 spell levels left.
You didn't know any spells.
Your spell library was empty.

Dungeon Overview and Level Annotations

Branches:
Dungeon (5/15)            Ossuary (visited)
 Temple: D:4-7

Altars:
Dithmenos
Gozag
Sif Muna
Vehumet
Yredelemnul

Annotations:
D:3 3 runed translucent doors, ma3's ghost, amateur SpEE
D:5 Grinder


Innate Abilities, Weirdness & Mutations

You are too large for most types of armour.
You have claws for hands.
Your natural rate of healing is unusually fast.
You are covered in fur. (AC +1)
You have extremely tough skin. (AC +3)


Message History

The quokka bites you.
* * * LOW HITPOINT WARNING * * *
The adder barely misses you.
Grinder blinks!
The adder closely misses you.
A jelly comes into view.
The quokka closely misses you.
As you read the scroll labeled NAIH EMNUSCHULU, it crumbles to dust.
You assume a fearsome visage.
Grinder is unaffected.
The adder looks frightened!
The quokka looks frightened!
The jelly looks frightened!
The jelly quivers.
The quokka looks frightened!
It was a scroll of fear.
Grinder closely misses you. Grinder gestures at you.
Pain shoots through your body!
* * * LOW HITPOINT WARNING * * *
Found a hunting sling.
As you read the scroll labeled KAJOEM ZIEKK, it crumbles to dust.
You feel aware of your surroundings.
You sensed 1 altar.
It was a scroll of magic mapping.
Grinder hits you!
You die...

#.........[.†....................
#........#..##........#..........
.........#..##......#####..##....
....................#.#.#..#*,...
......##..####....#...)....#,,,..
###..###.#.)#.............##*,,*#
,#...**.........##........####,,,
,...,,.........#####...........,*
,,,*,*,,**,.##..@...)r.r......)**
,*****,,***,*#...5..............,
,*,***,,**#...#...........?...##,
,*,,,,,**#...,#................#*
,,,,,,,*,...,.........S......#..,
,,,,,,,,,..,...............###,,<
,,,,,,,,,#*....##..........# ***,
,,,,,>,*,*,...#*...##......#***,,
,,*,,,,*,,,,,***,,**,,,,,,,,,,,,*


You could see Grinder, an adder (fleeing) and 2 quokkas.

Vanquished Creatures
  A wraith (Ossuary)
  A phantom (D:5)
  A necrophage (D:5)
  An ogre (D:5)
  A scorpion (D:4)
  A hound (D:4)
  2 orc priests (D:4)
  2 iguanas (D:4)
  An orc wizard (D:3)
  A worker ant (D:4)
  2 mummies
  3 gnolls (D:5)
  An adder (D:4)
  3 oozes
  4 worms
  3 dart slugs
  2 leopard geckos (D:2)
  10 orcs
  A ball python (D:1)
  7 giant cockroaches
  7 goblins
  3 hobgoblins
  11 jackals
  5 kobolds
  2 quokkas
  7 bats
  9 frilled lizards
  5 gnoll skeletons (Ossuary)
  5 kobold skeletons (Ossuary)
  A leopard gecko skeleton (D:4)
  15 orc skeletons (Ossuary)
  9 rats
127 creatures vanquished.

Vanquished Creatures (others)
  A fungus (D:4)
  5 toadstools (D:4)
6 creatures vanquished.

Grand Total: 133 creatures vanquished

Notes
Turn   | Place    | Note
-------+----------+-------------------------------------------
     0 | D:1      | tof the Troll Monk began the quest for the Orb.
     0 | D:1      | Reached XP level 1. HP: 22/22 MP: 0/0
   175 | D:1      | Reached XP level 2. HP: 27/29 MP: 1/1
   930 | D:2      | Reached XP level 3. HP: 36/36 MP: 2/2
   935 | D:2      | Found a radiant altar of Vehumet.
   990 | D:2      | Reached skill level 1 in Armour
  1096 | D:2      | Found an opulent altar of Gozag.
  1611 | D:3      | Reached XP level 4. HP: 44/44 MP: 3/3
  1624 | D:3      | Found a shimmering blue altar of Sif Muna.
  2127 | D:3      | Found a basalt altar of Yredelemnul.
  2311 | D:3      | Found a runed translucent gate.
  2311 | D:3      | Found an opulent altar of Gozag.
  2312 | D:3      | Found a runed translucent gate.
  2312 | D:3      | Found a runed translucent gate.
  2312 | D:3      | Noticed ma3's ghost (amateur SpEE)
  2465 | D:4      | Found a shadowy altar of Dithmenos.
  2469 | D:4      | Reached XP level 5. HP: 53/53 MP: 4/4
  2474 | D:4      | Reached skill level 4 in Unarmed Combat
  2711 | D:4      | Reached XP level 6. HP: 59/61 MP: 5/5
  3006 | D:5      | Entered Level 5 of the Dungeon
  3059 | D:5      | Found a sand-covered staircase.
  3089 | Ossuary  | Entered an ossuary
  3089 | Ossuary  | Noticed a wraith
  3089 | Ossuary  | Noticed a wraith
  3089 | Ossuary  | Noticed a wraith
  3168 | Ossuary  | Noticed a wraith
  3187 | Ossuary  | Killed a wraith
  3187 | Ossuary  | Reached XP level 7. HP: 59/70 MP: 6/6
  3422 | D:5      | Reached skill level 5 in Unarmed Combat
  3549 | D:5      | Noticed Grinder
  3568 | D:5      | Slain by Grinder

Illustrated notes

Levels and vault maps discovered:
D:1:      grunt_arrival_lava_bath, layout_basic
D:2:      layout_basic, nicolae_gozag_cash_rules_everything_around_me,
          fiery_altar_vehumet
D:3:      layout_loops_ring, old_standard_altar, led_sif_pool,
          ebering_ghost_gozag
D:4:      layout_rooms, minmay_gold_behind_fungi, nicolae_dithmenos_the_darkroom
D:5:      layout_cave_pools, overflow_temple_1_default,
          gup_ossuary_entry_pyramid, uniq_grinder

Skill      XL: |  1  2  3  4  5  6  7 |
---------------+----------------------+-----
Armour         | 1 2 3 |  3.3
Dodging        | 3 4 |  4.4
Fighting       | 3 4 |  4.2
Unarmed Combat | 4 5 |  5.2
Stealth        | |  1.0

Action                   |  1- 3 |  4- 6 |  7- 9 || total
-------------------------+-------+-------+-------++-------
Melee: Unarmed           |   133 |   192 |    54 ||   379
       Punch             |     3 |     5 |       ||     8
       Short sword       |       |       |    24 ||    24
  Use: Scroll            |       |       |     3 ||     3
 Stab: Sleeping          |     6 |     1 |       ||     7
Armor: Robe              |    44 |    48 |    23 ||   115
Dodge: Dodged            |    55 |   113 |    66 ||   234

Table legend: (Time is in decaauts)
 A = Elapsed time spent in this place.
 B = Non-inter-level travel time spent in this place.
 C = Inter-level travel time spent in this place.
 D = Time resting spent in this place.
 E = Time spent auto-exploring this place.
 F = Levels seen in this place.
 G = Mean time per level.
                   A        B        C        D        E       F      G
               +--------+--------+--------+--------+--------+-----+--------+
         Total |   3541 |   3434 |    107 |    379 |   2111 |   6 |  590.2 |
       Dungeon |   3297 |   3190 |    107 |    342 |   2034 |   5 |  659.4 |
       Ossuary |    243 |    243 |      0 |     37 |     77 |   1 |  243.0 |
               +--------+--------+--------+--------+--------+-----+--------+

Top non-repeatable levels by time:
     D:3: 884 daAuts
     D:1: 871 daAuts
     D:2: 694 daAuts
     D:4: 536 daAuts
     D:5: 310 daAuts
 Ossuary: 243 daAuts
